 Dungeon Crawl Stone Soup version 0.30.0-20-g3615ddf2f0 (webtiles) character file.

Game seed: 5724208879525582462

290 qw the Chopper (level 6, -6/38 HPs)
             Began as a Gargoyle Fighter on May 28, 2023.
             Mangled by Blork the orc
             ... wielding a +0 war axe
              (8 damage)
             ... on level 6 of the Dungeon.
             The game lasted 00:01:46 (2789 turns).

qw the Chopper (Gargoyle Fighter)                   Turns: 2789, Time: 00:01:47

Health: -6/38      AC: 13    Str: 21      XL:     6   Next: 32%
Magic:  6/6        EV:  7    Int:  6 (9)  God:
Gold:   122        SH:  4    Dex:  8 (9)  Spells: 5/5 levels left

rFire   . . .        Y - +0 war axe
rCold   . . .        c - +0 buckler
rNeg    + . .        j - +0 chain mail
rPois   inf          (helmet restricted)
rElec   +            (no cloak)
rCorr   .            (no gloves)
SInv    .            (no boots)
Will    .....        (no amulet) Stlth
                     (no ring)
HPRegen 0.26/turn    (no ring)
MPRegen 0.10/turn

%: no passive effects
@: no status effects
A: sickness immunity, AC +4, negative energy resistance 1, electricity
resistance, torment resistance 1, petrification resistance, horns 1
a: no special abilities


You were on level 6 of the Dungeon.
You visited 1 branch of the dungeon, and saw 5 of its levels.

You collected 122 gold pieces.


Innate Abilities, Weirdness & Mutations

You are immune to sickness and miasma.
Your stone body is resilient. (AC +4)
You are immune to poison.
You resist negative energy. (rN+)
You are resistant to electric shocks. (rElec)
You are resistant to unholy torment.
You are immune to petrification.
You have a pair of small horns on your head.


   Skills:
 - Level 4.1 Fighting
 + Level 5.5 Axes
 - Level 3.2 Armour
 - Level 3.2 Shields


You had 5 spell levels left.
You didn't know any spells.
Your spell library was empty.

Inventory:

Hand Weapons
 i - a +0 flail
 Y - a +0 war axe (weapon)
Armour
 c - a +0 buckler (worn)
 j - a +0 chain mail (worn)
Jewellery
 a - a ring of fire
 f - a ring of fire
Scrolls
 b - a scroll of amnesia {unknown}
 e - a scroll of magic mapping {unknown}
Potions
 d - 2 potions of might
 k - a potion of curing

Dungeon Overview and Level Annotations

Branches:
Dungeon (4/15)
 Temple: D:4-7

Altars:
Ashenzari

Shops:
D:6 *

Annotations:
D:6 Blork the orc


Message History

You start waiting.
Blork the orc is nearby!
You barely miss Blork the orc. Your headbutt misses Blork the orc.
Blork the orc misses you.
You barely miss Blork the orc. You block Blork the orc's attack.
Blork the orc gestures at you while chanting.
The magic dart hits you!
You barely miss Blork the orc.
Blork the orc casts a spell.
Blork the orc seems to speed up.
You closely miss Blork the orc.
Blork the orc hits you with a +0 war axe!
Blork the orc hits you with a +0 war axe.
You barely miss Blork the orc.
Blork the orc grins evilly.
Blork the orc barely misses you.
Blork the orc hits you but does no damage.
You hit Blork the orc.
Blork the orc is lightly wounded.
Blork the orc gestures at you while chanting.
The puff of frost hits you.
Blork the orc hits you with a +0 war axe!
You closely miss Blork the orc. Your headbutt misses Blork the orc.
Blork the orc is lightly wounded.
Blork the orc hits you with a +0 war axe!
Blork the orc gestures at you while chanting.
The puff of flame hits you.
You barely miss Blork the orc.
Blork the orc is lightly wounded.
You block Blork the orc's attack. x2
You slash Blork the orc!
You headbutt Blork the orc, but do no damage.
Blork the orc is heavily wounded.
Blork the orc hits you with a +0 war axe.
You hit Blork the orc. You headbutt Blork the orc.
Blork the orc is severely wounded.
You block Blork the orc's attack.
Blork the orc hits you with a +0 war axe!
You die...

#........##~~~~#
#...#.#...#~~~~###
#..#...#..+~~~~'.#
#....\....#~~~~#.#
#..#...#..#~~~~#.#
#...#.#...######.#
#...........###..#
#.#.............##
#.....#......@###
......#...#.o##
.........###.##
........##....
..#.#...(....# #
##_......#
.......## ......o
.......


You could see Blork the orc (fast).

Vanquished Creatures
  Sigmund (D:2)
  An iguana (D:3)
  4 adders
  2 worms
  3 dart slugs
  An orc (D:3)
  5 bats
  7 endoplasms
  2 giant cockroaches
  6 goblins
  6 hobgoblins
  7 jackals
  4 quokkas
  4 ball pythons
  4 frilled lizards
  5 kobolds
  A rat (D:3)
63 creatures vanquished.

Notes
Turn   | Place    | Note
-------+----------+-------------------------------------------
     0 | D:1      | qw the Gargoyle Fighter began the quest for the Orb.
     0 | D:1      | Reached XP level 1. HP: 14/14 MP: 1/1
     0 | D:1      | 0 ||| qw: Version: 0.2-a-100-g4e38944
     0 | D:1      | 0 ||| qw: Game counter: 227
     0 | D:1      | 0 ||| qw: Always use a shield: true
     0 | D:1      | 0 ||| qw: God list: Okawaru
     0 | D:1      | 0 ||| qw: Allow faded altars: false
     0 | D:1      | 0 ||| qw: Do Orc after D:15 true
     0 | D:1      | 0 ||| qw: Do second Lair branch before Depths: true
     0 | D:1      | 0 ||| qw: Lair rune preference: random
     0 | D:1      | 0 ||| qw: Plans: Normal, Zot:1-4, God:TSO, Crypt, Tomb,
                  | Pan, Slime:5, Hells, Abyss, Win
     0 | D:1      | 0 ||| PLANNING D:1-11
   103 | D:1      | Reached skill level 2 in Axes
   127 | D:1      | Reached XP level 2. HP: 19/19 MP: 2/2
   172 | D:1      | 172 ||| DROPPING +0 club.
   794 | D:1      | Reached skill level 3 in Axes
   935 | D:1      | 935 ||| UPGRADING to +0 chain mail.
   945 | D:1      | 945 ||| DROPPING +0 scale mail.
   946 | D:1      | 946 ||| READING scroll labelled ROAN PAMMYHER.
   949 | D:1      | 949 ||| READING 3 scrolls labelled IHOESTRIREM.
  1050 | D:1      | 1050 ||| READING scroll labelled FUL DUIGIREUWU.
  1051 | D:1      | 1051 ||| DRINKING 2 smoky orange potions.
  1051 | D:1      | Gained mutation: Armour fits poorly on your strangely
                  | shaped body. [potion of mutation]
  1052 | D:1      | 1052 ||| DRINKING potion of mutation.
  1052 | D:1      | Lost mutation: Armour fits poorly on your strangely shaped
                  | body. [potion of mutation]
  1052 | D:1      | Gained mutation: You have a pair of small horns on your
                  | head. [potion of mutation]
  1053 | D:1      | 1053 ||| DROPPING 2 scrolls of silence.
  1141 | D:2      | Reached XP level 3. HP: 23/23 MP: 3/3
  1298 | D:2      | 1298 ||| Stepping ~*~*~tactically~*~*~ (stealth).
  1458 | D:2      | 1458 ||| Stepping ~*~*~tactically~*~*~ (hiding).
  1459 | D:2      | 1459 ||| Stepping ~*~*~tactically~*~*~ (hiding).
  1461 | D:2      | 1461 ||| Stepping ~*~*~tactically~*~*~ (hiding).
  1462 | D:2      | 1462 ||| Stepping ~*~*~tactically~*~*~ (hiding).
  1470 | D:2      | Reached XP level 4. HP: 28/28 MP: 4/4
  1521 | D:2      | Noticed Sigmund
  1528 | D:2      | HP: 7/28 [Sigmund/puff of flame (7)]
  1529 | D:2      | HP: 3/28 [Sigmund/+0 scythe (4)]
  1534 | D:2      | Killed Sigmund
  1535 | D:2      | Reached skill level 5 in Axes
  1535 | D:2      | Reached XP level 5. HP: 6/32 MP: 5/5
  2080 | D:2      | 2080 ||| READING scroll labelled FEWNOL ILASUURCH.
  2081 | D:2      | 2081 ||| DRINKING 2 fuming blue potions.
  2082 | D:2      | 2082 ||| DRINKING 2 sapphire potions.
  2083 | D:2      | 2083 ||| DROPPING potion of degeneration.
  2135 | D:3      | 2135 ||| PLANNING SEWER
  2137 | D:3      | 2137 ||| Stepping ~*~*~tactically~*~*~ (hiding).
  2198 | D:3      | Reached XP level 6. HP: 37/37 MP: 6/6
  2218 | D:3      | 2218 ||| Stepping ~*~*~tactically~*~*~ (stealth).
  2501 | D:3      | Found a faded altar of an unknown god.
  2514 | D:3      | 2514 ||| DROPPING +0 whip.
  2550 | D:3      | 2550 ||| DROPPING scarf of invisibility.
  2632 | D:3      | 2632 ||| RIP SEWER
  2632 | D:3      | 2632 ||| PLANNING D:1-11
  2632 | D:3      | 2632 ||| READING scroll labelled DOKHIVUO GUIGH.
  2633 | D:3      | 2633 ||| DRINKING 2 fuming white potions.
  2634 | D:3      | 2634 ||| DROPPING potion of brilliance.
  2647 | D:4      | 2647 ||| PLANNING OSSUARY
  2675 | D:4      | 2675 ||| Stepping ~*~*~tactically~*~*~ (stealth).
  2677 | D:4      | 2677 ||| Stepping ~*~*~tactically~*~*~ (stealth).
  2678 | D:4      | 2678 ||| Stepping ~*~*~tactically~*~*~ (stealth).
  2738 | D:4      | You fall into a shaft and drop 2 floors!
  2738 | D:6      | Found Eci Qey's Overcharged Wands.
  2747 | D:6      | 2747 ||| PLANNING OSSUARY
  2749 | D:6      | Found a broken altar of Ashenzari.
  2773 | D:6      | Noticed Blork the orc
  2774 | D:6      | 2774 ||| Stepping ~*~*~tactically~*~*~ (hiding).
  2776 | D:6      | 2776 ||| Stepping ~*~*~tactically~*~*~ (hiding).
  2786 | D:6      | HP: 7/38 [Blork the orc/+0 war axe (9)]
  2788 | D:6      | HP: 1/38 [Blork the orc/+0 war axe (5)]
  2789 | D:6      | Mangled by Blork the orc

Levels and vault maps discovered:
D:1:      amcnicky_arrival_underground_garden, layout_loops_corners
D:2:      layout_loops_corners, hangedman_decor_growths, minmay_surrounded,
          uniq_sigmund
D:3:      minmay_wonky_spiral, layout_rooms, kennysheep_okawaru_gauntlet,
          portal_sewer_entry_e, dreamdust_ecumenical_altar_statues
D:4:      layout_loops_ring, minmay_temple_entry_mist,
          lightli_ossuary_entry_decrepit_ruins, gammafunk_ghost_nasty_kobolds
D:6:      gammafunk_wand_slinger, layout_cave_pools, overflow_temple_1_default,
          mainiacjoe_overflow_brackets, lemuel_zombie_altar_kikubaaqudgha,
          tso_metal_star, serial_shops, shop, serial_rivers,
          chequers_serial_rivers_room_b, chequers_serial_rivers_micro_b,
          chequers_serial_rivers_micro_e, chequers_serial_rivers_room_b,
          chequers_serial_rivers_room_b, chequers_serial_rivers_micro_a,
          nicolae_shop_overcharged_wands, uniq_menkaure, uniq_grinder,
          uniq_blork_the_orc, uniq_prince_ribbit1

Skill      XL: |  1  2  3  4  5  6 |
---------------+-------------------+-----
Axes           | 2 3 5 |  5.5
Fighting       | 4 |  4.1
Armour         | |  3.2
Shields        | |  3.2

Action                     |  1- 3 |  4- 6 || total
---------------------------+-------+-------++-------
  Melee: War axe           |    92 |    94 ||   186
         Headbutt          |     6 |    10 ||    16
    Use: Scroll            |     3 |     2 ||     5
         Potion            |     2 |     3 ||     5
 Armour: Scale mail        |    23 |       ||    23
         Chain mail        |    23 |    31 ||    54
  Dodge: Dodged            |    47 |    39 ||    86
  Block: Buckler           |    16 |    15 ||    31

Table legend:
 A = Non-vault XP
 B = Vault XP
 C = Vault XP percentage of total XP
 D = Non-vault monster count
 E = Vault monster count
 F = Vault count percentage of total count
                 A         B        C        D         E       F
            +---------+---------+-------+---------+---------+-------
      Total |     143 |     272 |  65.5 |      52 |      11 |  17.5
            +---------+---------+-------+---------+---------+-------
        D:1 |      32 |       0 |   0.0 |      17 |       0 |   0.0
        D:2 |      46 |     229 |  83.3 |      12 |       6 |  33.3
        D:3 |      45 |      43 |  48.9 |      18 |       5 |  21.7
        D:4 |      20 |       0 |   0.0 |       5 |       0 |   0.0
            +---------+---------+-------+---------+---------+-------
